 Dungeon Crawl Stone Soup version 0.31-a0-164-g2312942fda (webtiles) character file.

Game seed: 13292407133140968159

97715 olmar the Basher (level 16, -5/127 HPs)
             Began as a Gnoll Reaver on June 13, 2023.
             Was an Initiate of Gozag.
             Killed from afar by an ice statue (22 damage)
             ... with a bolt of cold
             ... in an ice cave.
             The game lasted 01:11:24 (31967 turns).

olmar the Basher (Gnoll Reaver)                    Turns: 31967, Time: 01:11:24

Health: -5/127     AC: 22    Str: 17    XL:     16   Next: 20%
Magic:  0/32       EV: 14    Int: 21    God:    Gozag
Gold:   2595       SH:  0    Dex: 10    Spells: 16/39 levels left

rFire   + . .        O - +9 quarterstaff of Deflation {freeze, Drain rN++ rCorr Str+2}
rCold   . . .        (shield currently unavailable)
rNeg    + + .        x - quicksilver dragon scales
rPois   .            S - +2 helmet {SInv}
rElec   .            Q - scarf {repulsion}
rCorr   +            H - +1 pair of gloves {Str+3}
SInv    +            b - +1 pair of boots {Stlth+}
Will    +++..        E - amulet of guardian spirit
Stlth   +++++        m - ring of protection from fire
HPRegen 0.41/turn    P - ring of willpower
MPRegen 0.23/turn

%: repel missiles, guardian spirit
@: no status effects
A: fangs 1, strong nose, distributed training
a: Renounce Religion, Potion Petition, Call Merchant, Bribe Branch


You were in an ice cave.
You worshipped Gozag.
Gozag was most pleased with you.
You visited 5 branches of the dungeon, and saw 21 of its levels.
You also visited: Sewer, Bailey, Gauntlet and Ice Cave.

You collected 9429 gold pieces.
You spent 1111 gold pieces at shops.
You paid 5723 gold pieces to Gozag.

Inventory:

Hand Weapons
 a - the +8 trident of the Octopus King {venom, rElec rPois}
   (You found it on level 12 of the Dungeon)

   rElec:     It insulates you from electricity.
   rPois:     It protects you from poison.
 O - the +9 quarterstaff of Deflation (weapon) {freeze, Drain rN++ rCorr Str+2}
   (You found it in a bailey)

   Str:       It affects your strength (+2).
   rN:        It greatly protects you from negative energy.
   rCorr:     It protects you from acid and corrosion.
   Drain:     It drains your maximum health when unequipped.
Missiles
 o - 7 javelins
 w - 15 poisoned darts (quivered)
 B - 3 silver boomerangs
 V - 10 silver javelins
Armour
 b - a +1 pair of boots of stealth (worn)
 x - quicksilver dragon scales (worn)
 y - a +0 leather armour of cold resistance
 H - a +1 pair of gloves of strength (worn)
 Q - a scarf of repulsion (worn)
 S - a +2 helmet of see invisible (worn)
Magical Staves
 W - a staff of conjuration
 Z - a staff of fire
Jewellery
 l - an amulet of the acrobat
 m - a ring of protection from fire (left hand)
 A - a ring of resist corrosion
 E - an amulet of guardian spirit (around neck)
 M - the ring "Ywuquof" {Ice Str+3}
   (You found it in a Gauntlet)

   [ring of ice]

   It enhances your ice magic.
   Str:       It affects your strength (+3).
   rF:        It makes you vulnerable to fire.
   rC:        It protects you from cold.
 P - a ring of willpower (right hand)
Wands
 r - a wand of flame (22)
 t - a wand of quicksilver (1)
 T - a wand of iceblast (6)
 X - a wand of polymorph (3)
 Y - a wand of digging (12)
Scrolls
 d - 6 scrolls of fog
 e - 2 scrolls of enchant weapon
 f - a scroll of brand weapon
 j - 5 scrolls of identify
 k - a scroll of summoning
 p - a scroll of poison
 u - a scroll of revelation
 v - 3 scrolls of fear
 z - 4 scrolls of amnesia
 I - 2 scrolls of teleportation
 J - 4 scrolls of silence
 R - a scroll of enchant armour
Potions
 c - a potion of haste
 h - 5 potions of brilliance
 i - a potion of cancellation
 n - a potion of resistance
 q - 2 potions of attraction
 s - a potion of might
 D - 4 potions of enlightenment
 F - 5 potions of curing
 G - 3 potions of magic
 N - 3 potions of mutation
 U - a potion of heal wounds
Miscellaneous
 L - a sack of spiders (inert)


   Skills:
 + Level 12.0 Fighting
 + Level 11.1 Short Blades
 + Level 11.1 Long Blades
 + Level 11.1 Axes
 + Level 12.8 Maces & Flails
 + Level 11.1 Polearms
 + Level 11.1 Staves
 + Level 11.1 Ranged Weapons
 + Level 11.1 Throwing
 + Level 11.1 Armour
 + Level 12.0 Dodging
 + Level 11.1 Stealth
 + Level 11.1 Shields
 + Level 11.1 Unarmed Combat
 + Level 12.1 Spellcasting
 + Level 10.8 Conjurations
 + Level 9.3 Hexes
 + Level 9.3 Summonings
 + Level 9.3 Necromancy
 + Level 9.3 Translocations
 + Level 9.3 Transmutations
 + Level 9.3 Fire Magic
 + Level 9.3 Ice Magic
 + Level 9.3 Air Magic
 + Level 9.3 Earth Magic
 + Level 9.3 Poison Magic
 + Level 12.1 Invocations
 + Level 11.1 Evocations


You had 16 spell levels left.
You knew the following spells:

 Your Spells              Type           Power      Damage    Failure   Level
a - Kiss of Death         Conj/Necr      100%       2d13      1%          1
b - Momentum Strike       Conj/Tloc      100%       3d10      1%          2
c - Hailstorm             Conj/Ice       53%        3d12      1%          3
d - Vampiric Draining     Necr           51%        2d9       1%          3
e - Confusing Touch       Hex            51%        N/A       1%          3
f - Vhi's Electric Charg  Tloc/Air       100%       N/A       1%          3
g - Summon Lightning Spi  Summ/Air       51%        N/A       1%          4
h - Dispel Undead         Necr           51%        3d19      1%          4

Your spell library contained the following spells:

 Spells                   Type           Power      Damage    Failure   Level
 Apportation              Tloc           100%       N/A       1%          1
 Slow                     Hex            100%       N/A       1%          1
 Cigotuvi's Dreadful Rot  Necr/Pois/Air  100%       N/A       1%          2
 Lesser Beckoning         Tloc           100%       N/A       1%          2
 Searing Ray              Conj           100%       2d8       1%          2
 Static Discharge         Conj/Air       100%       2-7/arc   1%          2
 Gell's Gravitas          Tloc           51%        N/A       1%          3
 Summon Guardian Golem    Hex/Summ       51%        N/A       1%          3
 Teleport Other           Tloc           51%        N/A       1%          3
 Airstrike                Air            25%        2d(4-20)  1%          4
 Arcjolt                  Conj/Air       26%        1d36      3%          5
 Conjure Ball Lightning   Conj/Air       26%        3x3d7     19%         6
 Death Channel            Necr           25%        N/A       26%         6
 Orb of Destruction       Conj           27%        9d9       61%         7
 Spellforged Servitor     Conj/Summ      26%        N/A       71%         7
 Maxwell's Capacitive Co  Air            25%        ∞         100%        8
 Fire Storm               Conj/Fire      26%        8d7       100%        9


Dungeon Overview and Level Annotations

Branches:
Dungeon (12/15)            Temple (0/1) D:7            Lair (5/5) D:9
  Swamp (1/4) Lair:3        Snake (0/4) Lair:2        Slime (0/5) Lair:4
    Orc (2/2) D:11            Elf (1/3) Orc:2         Sewer (visited)
 Bailey (visited)           IceCv (1/1)             Gauntlet (visited)

Altars:
Ashenzari
Dithmenos
Fedhas
Gozag
Hepliaklqana
Nemelex Xobeh
Okawaru
Trog
Vehumet
Xom
The Shining One
Jiyva

Shops:
D:2 (   D:9 [[(   Orc:2 (!=!*:   Lair:3 =[

Portals:
Pandemonium: Orc:2
Trove: D:11 (give +3 gold dragon scales)

Annotations:
D:8 2 transporters, exclusions: ice statue and oklob plant, bakla's ghost, novice DEBr
D:10 1 transporter
Lair:5 3 runed translucent doors, Palms's ghost, journeyman TrFi IceCv exclusion: ice statue


Innate Abilities, Weirdness & Mutations

You have very sharp teeth.
Your uncanny sense of smell can sniff out nearby items.
Your experience applies equally to all skills.


Message History

You are engulfed in freezing vapours.
You sock the ice statue!
You bite the ice statue, but do no damage.
The ice statue is heavily damaged.
You are engulfed in freezing vapours.
The ice statue gestures at you. The bolt of cold misses you.
You hit the ice statue.
The ice statue is heavily damaged.
You are engulfed in freezing vapours.
You sock the ice statue!
You bite the ice statue, but do no damage.
The ice statue is severely damaged.
You are engulfed in freezing vapours.
The ice statue glitters chillingly in the dim dungeon light.
The ice statue gestures at you. The bolt of cold hits you!!
You hit the ice statue but do no damage.
You bite the ice statue, but do no damage.
The ice statue is severely damaged.
You are engulfed in freezing vapours.
You hit the ice statue.
The ice statue is severely damaged.
The ice statue gestures at you. The freezing blast engulfs you!!
* * * LOW HITPOINT WARNING * * *
You hit the ice statue.
The ice statue is almost destroyed.
You are engulfed in freezing vapours.
* * * LOW HITPOINT WARNING * * *
Unknown command.
You hit the ice statue.
You bite the ice statue, but do no damage.
The ice statue is almost destroyed.
You are engulfed in freezing vapours.
* * * LOW HITPOINT WARNING * * *
The ice statue gestures at you. The bolt of cold hits you!!
You die...
Your body crumbles into a pile of gold.

#....## # ##.....##
#. #.......## #..
##........# #.#
#........## ###
#..##.....#...###
##..
#...☼○○##......###...
##.○○○○##.......#....
##.@.###....##....##
#8☼###....####..###
##.# #.....# #### ###
#....## #...## ...##
..##


You could see an ice statue.

Vanquished Creatures
  Jorgrun (Orc:2)
  An orc warlord (Bailey)
  A minotaur (Gauntlet)
  Josephine (D:10)
  Harold (D:11)
  A demonspawn (Orc:2)
  6 hydras
  An ice dragon (D:12)
  3 two-headed ogres
  A catoblepas (Lair:5)
  A centaur warrior (D:11)
  A dancing weapon (Elf:1)
  A boulder beetle (D:11)
  4 orc high priests (Orc:2)
  3 skysharks
  A deep elf knight (Orc:2)
  A goliath frog (Lair:5)
  A bog body (Lair:3)
  Pikel (D:9)
  An orange crystal statue (Gauntlet)
  A deep elf pyromancer (Elf:1)
  A deep elf zephyrmancer (Elf:1)
  7 orc knights
  An ugly thing (D:11)
  5 oklob plants
  3 orc sorcerers (Orc:2)
  A worldbinder (Gauntlet)
  A cyclops (D:12)
  Maurice (D:8)
  12 elephants
  3 black mambas
  A rust devil (Orc:2)
  A gargoyle (D:12)
  Joseph (D:10)
  21 cane toads
  3 smoke demons
  12 rime drakes
  A kobold demonologist (D:10)
  2 unseen horrors
  2 red devils (Gauntlet)
  5 komodo dragons
  A hellwing (Orc:2)
  3 polar bears
  4 trolls
  A hornet (D:7)
  Grinder (D:6)
  2 tyrant leeches (Lair:5)
  24 blink frogs
  7 dream sheep (Lair:3)
  6 slime creatures (D:11)
  A shadow (D:11)
  A ynoxinul (Orc:2)
  7 wraiths
  An air elemental (Orc:2)
  12 wyverns
  40 yaks
  3 steam dragons
  10 basilisks
  A vampire (D:11)
  A fire elemental (Elf:1)
  A naga (Lair:2)
  5 vampire mosquitoes
  2 swamp worms (Lair:3)
  An acid dragon (D:9)
  13 water moccasins
  3 wargs
  A floating eye (Lair:5)
  A sky beast (D:7)
  Pargi (Sewer)
  23 orc warriors
  3 ice beasts
  3 black bears
  3 boggarts (Gauntlet)
  2 centaurs
  18 wolves
  8 ogres
  2 lemures (D:9)
  2 kobold brigands
  A nameless horror (Orc:2)
  A gnoll sergeant (D:5)
  16 bullfrogs
  4 scorpions
  7 wights
  5 killer bees (D:8)
  10 electric eels
  7 crimson imps (Gauntlet)
  5 jellies
  22 orc priests
  6 hounds
  2 iguanas (D:5)
  17 orc wizards
  2 hell rats (Lair:3)
  9 adders
  21 gnolls
  A river rat (D:4)
  A shadow imp (D:6)
  2 white imps
  3 ufetubi
  2 worms
  A dart slug (D:1)
  52 orcs
  12 bats
  4 endoplasms
  12 giant cockroaches
  9 hobgoblins
  7 jackals (D:1)
  30 kobolds
  9 quokkas
  6 ball pythons
  2 frilled lizards (D:1)
  11 goblins
  5 rats
  A butterfly (Lair:2)
640 creatures vanquished.

Vanquished Creatures (collateral kills)
  Nessos (D:12)
  Snorg (D:11)
  A demonspawn (Orc:2)
  A boulder beetle (D:12)
  A death yak (IceCv)
  3 orc high priests (Orc:2)
  Amaemon (Lair:2)
  A deep elf pyromancer (Elf:1)
  An orc sorcerer (Orc:2)
  5 elephants
  An orange demon (Lair:2)
  Maggie (D:8)
  A cane toad (Lair:3)
  A rime drake (Lair:3)
  A komodo dragon (Lair:2)
  A polar bear (IceCv)
  11 blink frogs
  9 yaks
  A wyvern (Lair:3)
  A warg (Orc:1)
  2 water moccasins (Lair:3)
  7 orc warriors
  3 ogres
  2 wolves (IceCv)
  7 bullfrogs
  An electric eel (D:11)
  8 orc priests
  A jelly (Lair:4)
  A hell rat (Lair:3)
  2 orc wizards
  26 orcs
  A hobgoblin (Bailey)
  A kobold (D:8)
106 creatures vanquished.

Vanquished Creatures (others)
  Lodul (D:11)
  An elephant (Lair:2)
  A polar bear (D:12)
  A kobold brigand (D:8)
  A kobold (Bailey)
5 creatures vanquished.

Grand Total: 751 creatures vanquished

Notes
Turn   | Place    | Note
-------+----------+-------------------------------------------
     0 | D:1      | olmar the Gnoll Reaver began the quest for the Orb.
     0 | D:1      | Reached XP level 1. HP: 20/20 MP: 6/6
   118 | D:1      | Reached XP level 2. HP: 25/25 MP: 7/7
   162 | D:1      | Learned a level 2 spell: Momentum Strike
   239 | D:1      | Reached skill level 5 in Spellcasting
   239 | D:1      | Reached XP level 3. HP: 29/31 MP: 7/9
   245 | D:1      | Learned a level 3 spell: Hailstorm
   298 | D:1      | Reached skill level 1 in Invocations
   495 | D:1      | Reached skill level 1 in Short Blades
   495 | D:1      | Reached skill level 1 in Long Blades
   495 | D:1      | Reached skill level 1 in Axes
   495 | D:1      | Reached skill level 1 in Polearms
   495 | D:1      | Reached skill level 1 in Staves
   495 | D:1      | Reached skill level 1 in Ranged Weapons
   495 | D:1      | Reached skill level 1 in Throwing
   495 | D:1      | Reached skill level 1 in Armour
   495 | D:1      | Reached skill level 1 in Stealth
   495 | D:1      | Reached skill level 1 in Shields
   495 | D:1      | Reached skill level 1 in Unarmed Combat
   495 | D:1      | Reached skill level 1 in Evocations
   994 | D:2      | Found Pubocumiy's Weapon Boutique.
  1079 | D:2      | Reached XP level 4. HP: 38/38 MP: 11/11
  1087 | D:2      | Reached skill level 1 in Hexes
  1087 | D:2      | Reached skill level 1 in Summonings
  1087 | D:2      | Reached skill level 1 in Necromancy
  1087 | D:2      | Reached skill level 1 in Translocations
  1087 | D:2      | Reached skill level 1 in Transmutations
  1087 | D:2      | Reached skill level 1 in Fire Magic
  1087 | D:2      | Reached skill level 1 in Ice Magic
  1087 | D:2      | Reached skill level 1 in Air Magic
  1087 | D:2      | Reached skill level 1 in Earth Magic
  1087 | D:2      | Reached skill level 1 in Poison Magic
  1195 | D:2      | Found a blossoming altar of Fedhas.
  1246 | D:2      | Reached XP level 5. HP: 36/43 MP: 12/12
  2354 | D:3      | Found a faded altar of an unknown god.
  2776 | D:3      | Found a broken altar of Ashenzari.
  2838 | D:4      | Found an opulent altar of Gozag.
  2838 | D:4      | Found an iron altar of Okawaru.
  2839 | D:4      | Found a shadowy altar of Dithmenos.
  2844 | D:4      | Became a worshipper of Gozag Ym Sagoz the Greedy
  2883 | D:4      | Reached XP level 6. HP: 33/34 MP: 13/13
  2897 | D:4      | Found a glowing drain.
  2901 | Sewer    | Entered a sewer
  2945 | Sewer    | Noticed Pargi
  2967 | Sewer    | Killed Pargi
  2968 | Sewer    | Reached skill level 5 in Fighting
  2968 | Sewer    | Reached skill level 5 in Dodging
  3160 | D:4      | Found a shimmering altar of Xom.
  3241 | D:4      | Identified the scarf "Dush" {repulsion, Dex+3}
  3370 | D:4      | Reached XP level 7. HP: 41/51 MP: 15/15
  4253 | D:5      | Entered Level 5 of the Dungeon
  4551 | D:5      | Found a radiant altar of Vehumet.
  4930 | D:5      | Reached XP level 8. HP: 36/63 MP: 16/16
  6557 | D:5      | Found a blossoming altar of Fedhas.
  7064 | D:6      | Reached XP level 9. HP: 37/69 MP: 18/18
  7080 | D:6      | Learned a level 3 spell: Vampiric Draining
  7363 | D:6      | Noticed Grinder
  7385 | D:6      | Killed Grinder
  7983 | D:7      | Noticed a hornet
  7989 | D:7      | Paralysed by a hornet for 1 turns
  7991 | D:7      | Killed a hornet
  8065 | D:7      | Reached skill level 5 in Invocations
  8180 | D:7      | Found a flagged portal.
  8209 | Bailey   | Entered a bailey
  8243 | Bailey   | Noticed an orc warlord
  8305 | Bailey   | Noticed an orc knight
  8329 | Bailey   | Found a runed translucent gate.
  8331 | Bailey   | Found a runed translucent gate.
  8332 | Bailey   | Found a runed translucent gate.
  8375 | Bailey   | Killed an orc knight
  8377 | Bailey   | Killed an orc warlord
  8378 | Bailey   | Reached skill level 5 in Short Blades
  8378 | Bailey   | Reached skill level 5 in Long Blades
  8378 | Bailey   | Reached skill level 5 in Axes
  8378 | Bailey   | Reached skill level 5 in Polearms
  8378 | Bailey   | Reached skill level 5 in Staves
  8378 | Bailey   | Reached skill level 5 in Ranged Weapons
  8378 | Bailey   | Reached skill level 5 in Throwing
  8378 | Bailey   | Reached skill level 5 in Armour
  8378 | Bailey   | Reached skill level 5 in Stealth
  8378 | Bailey   | Reached skill level 5 in Shields
  8378 | Bailey   | Reached skill level 5 in Unarmed Combat
  8378 | Bailey   | Reached skill level 5 in Evocations
  8378 | Bailey   | Reached XP level 10. HP: 33/79 MP: 20/20
  8383 | Bailey   | Identified the +9 quarterstaff of Deflation {freeze, Drain
                  | rN++ rCorr Str+2}
  8394 | Bailey   | Got Surit's Compilation of the Fulgent Excursion
  8396 | Bailey   | Reached skill level 5 in Hexes
  8396 | Bailey   | Reached skill level 5 in Summonings
  8396 | Bailey   | Reached skill level 5 in Necromancy
  8396 | Bailey   | Reached skill level 5 in Translocations
  8396 | Bailey   | Reached skill level 5 in Transmutations
  8396 | Bailey   | Reached skill level 5 in Fire Magic
  8396 | Bailey   | Reached skill level 5 in Ice Magic
  8396 | Bailey   | Reached skill level 5 in Air Magic
  8396 | Bailey   | Reached skill level 5 in Earth Magic
  8396 | Bailey   | Reached skill level 5 in Poison Magic
  8396 | Bailey   | Reached XP level 11. HP: 43/86 MP: 23/23
  8761 | D:7      | Found a staircase to the Ecumenical Temple.
  9366 | D:7      | HP: 1/86 [something (8)]
  9781 | D:8      | Found a transporter.
  9789 | D:8      | Noticed an oklob plant
  9803 | D:8      | Found a transporter.
  9818 | D:8      | Noticed bakla's ghost (novice DEBr)
  9924 | D:8      | Noticed Maggie
  9929 | D:8      | Noticed a two-headed ogre
  9944 | D:8      | Killed Maggie
  9964 | D:8      | Killed a two-headed ogre
 10103 | D:8      | Found a bloodstained altar of Trog.
 10255 | D:8      | Noticed Maurice
 10275 | D:8      | Killed Maurice
 10700 | D:9      | Found a hazy altar of Hepliaklqana.
 10839 | D:9      | Found a staircase to the Lair.
 11070 | D:9      | Noticed a two-headed ogre
 11083 | D:9      | Killed a two-headed ogre
 11425 | D:9      | Found Gubeetidd's Antique Weapon Boutique.
 11442 | D:9      | Noticed Pikel
 11449 | D:9      | Killed Pikel
 11647 | D:9      | Identified a scroll of acquirement
 11648 | D:9      | Acquired 1270 gold pieces
 11652 | D:9      | Bought a scarf of repulsion for 144 gold pieces
 11652 | D:9      | Bought a +2 helmet of see invisible for 258 gold pieces
 11680 | D:9      | Reached XP level 12. HP: 91/94 MP: 24/24
 11691 | D:9      | Bought a pair of runed boots for 240 gold pieces
 12136 | D:10     | Entered Level 10 of the Dungeon
 12166 | D:10     | Found a sparkling altar of Nemelex Xobeh.
 12166 | D:10     | Found a transporter.
 12166 | D:10     | Noticed a centaur warrior
 12166 | D:10     | Noticed a green very ugly thing
 12303 | D:10     | Noticed Josephine
 12311 | D:10     | Killed Josephine
 12312 | D:10     | Reached skill level 10 in Maces & Flails
 12651 | D:10     | Noticed Joseph
 12658 | D:10     | Killed Joseph
 12940 | D:10     | Identified the +0 helmet "Gusm" {rElec Str+3 Int+4}
 12974 | D:10     | Noticed a two-headed ogre
 12979 | D:10     | Killed a two-headed ogre
 13427 | D:11     | Found a portal to a secret trove of treasure.
 13429 | D:11     | Noticed Harold
 13444 | D:11     | Killed Harold
 13472 | D:11     | Noticed a boulder beetle
 13486 | D:11     | Killed a boulder beetle
 13713 | D:11     | Noticed Lodul
 14119 | D:11     | Your ally Lodul died
 14472 | D:11     | Noticed a centaur warrior
 14486 | D:11     | Killed a centaur warrior
 14978 | D:11     | Noticed Snorg
 15214 | D:11     | Killed Snorg
 15314 | Lair:1   | Entered Level 1 of the Lair of Beasts
 15323 | Lair:1   | Reached XP level 13. HP: 61/101 MP: 26/26
 15589 | Lair:1   | Found a gate leading to a gauntlet.
 15623 | Gauntlet | Entered a Gauntlet
 15623 | Gauntlet | Found a transporter.
 15633 | Gauntlet | Found a transporter.
 15634 | Gauntlet | Found a transporter.
 15634 | Gauntlet | Found a transporter.
 15642 | Gauntlet | Found a transporter.
 15645 | Gauntlet | Found a transporter.
 15646 | Gauntlet | Found a transporter.
 15654 | Gauntlet | Found a transporter.
 15657 | Gauntlet | Found a transporter.
 15658 | Gauntlet | Found a transporter.
 15669 | Gauntlet | Found a transporter.
 15670 | Gauntlet | Found a transporter.
 15671 | Gauntlet | Found a transporter.
 15681 | Gauntlet | Found a transporter.
 15746 | Gauntlet | Found a runed translucent door.
 15763 | Gauntlet | Learned a level 3 spell: Confusing Touch
 16235 | Gauntlet | Identified the ring "Ywuquof" {Ice Str+3}
 16336 | Gauntlet | Noticed a minotaur
 16346 | Gauntlet | Killed a minotaur
 16816 | Lair:1   | Reached skill level 10 in Spellcasting
 17823 | Lair:2   | Found a staircase to the Snake Pit.
 17825 | Lair:2   | Noticed Amaemon
 17836 | Lair:2   | Killed Amaemon
 17989 | Lair:2   | Learned a level 3 spell: Vhi's Electric Charge
 17994 | Lair:2   | Learned a level 4 spell: Summon Lightning Spire
 18298 | Lair:2   | Reached skill level 10 in Fighting
 18298 | Lair:2   | Reached skill level 10 in Dodging
 18838 | Lair:2   | Found a glowing golden altar of the Shining One.
 19146 | Lair:2   | Identified the +7 rapier of Cowex {speed, rElec Stlth+}
 19529 | Lair:2   | Acquired a +7 quick blade of venom
 20046 | D:11     | Found a staircase to the Orcish Mines.
 20087 | Orc:1    | Entered Level 1 of the Orcish Mines
 20484 | Orc:1    | Reached skill level 10 in Invocations
 20590 | Orc:1    | You fall into a shaft and drop 1 floor!
 20590 | Orc:2    | Entered Level 2 of the Orcish Mines
 20858 | Orc:2    | Reached XP level 14. HP: 37/111 MP: 5/28
 20927 | Orc:2    | Noticed Jorgrun
 20943 | Orc:2    | Killed Jorgrun
 21242 | Orc:2    | Found Avigaus's Book Shoppe.
 21741 | Orc:2    | Found Teinyheon's Distillery.
 21884 | Orc:2    | Found Efinwoc's Distillery.
 22052 | Orc:2    | Found a staircase to the Elven Halls.
 22331 | Orc:2    | Upgraded the game from 0.31-a0-161-gb58dd9be76 to
                  | 0.31-a0-164-g2312942fda
 23433 | Orc:2    | Found Azypn's Antique Weapon Shoppe.
 23433 | Orc:2    | Found Imiacsir's Jewellery Emporium.
 23433 | Orc:2    | Found a one-way gate leading to the halls of Pandemonium.
 23620 | Orc:2    | Bought a scroll of teleportation for 42 gold pieces
 23620 | Orc:2    | Bought a potion of curing for 42 gold pieces
 23620 | Orc:2    | Bought a potion of might for 56 gold pieces
 23915 | Lair:3   | Reached skill level 10 in Conjurations
 24390 | Lair:3   | Reached skill level 10 in Short Blades
 24390 | Lair:3   | Reached skill level 10 in Long Blades
 24390 | Lair:3   | Reached skill level 10 in Axes
 24390 | Lair:3   | Reached skill level 10 in Polearms
 24390 | Lair:3   | Reached skill level 10 in Staves
 24390 | Lair:3   | Reached skill level 10 in Ranged Weapons
 24390 | Lair:3   | Reached skill level 10 in Throwing
 24390 | Lair:3   | Reached skill level 10 in Armour
 24390 | Lair:3   | Reached skill level 10 in Stealth
 24390 | Lair:3   | Reached skill level 10 in Shields
 24390 | Lair:3   | Reached skill level 10 in Unarmed Combat
 24390 | Lair:3   | Reached skill level 10 in Evocations
 24710 | Lair:3   | Learned a level 4 spell: Dispel Undead
 24877 | Lair:3   | Reached XP level 15. HP: 105/118 MP: 6/30
 25487 | Lair:3   | Found a staircase to the Swamp.
 25499 | Swamp:1  | Entered Level 1 of the Swamp
 26157 | Lair:4   | Found a viscous altar of Jiyva.
 26467 | Lair:3   | Bought a silken robe for 142 gold pieces
 26467 | Lair:3   | Identified the +1 robe "Bong" {Str-5 Int+7 SInv} (You
                  | bought it in a shop on level 3 of the Lair of Beasts)
 26469 | Lair:3   | Bought a pair of glowing gloves for 187 gold pieces
 27118 | Lair:4   | Found a staircase to the Slime Pits.
 27604 | Lair:5   | Entered Level 5 of the Lair of Beasts
 28636 | Lair:5   | Noticed Palms's ghost (journeyman TrFi)
 29757 | Lair:5   | Found a runed translucent gate.
 29765 | Lair:5   | Found a runed translucent gate.
 29766 | Lair:5   | Found a runed translucent gate.
 30544 | Elf:1    | Entered Level 1 of the Elven Halls
 30545 | Elf:1    | Noticed a deep elf master archer
 30566 | Elf:1    | Paralysed by an air elemental for 1 turns
 30572 | Orc:2    | Paralysed by an air elemental for 1 turns
 30575 | Orc:2    | Reached XP level 16. HP: 24/127 MP: 0/32
 31483 | D:12     | Noticed Nessos
 31499 | D:12     | Killed Nessos
 31620 | D:12     | Found the +8 trident of the Octopus King {venom, rElec
                  | rPois}
 31664 | D:12     | Found a frozen archway.
 31705 | IceCv    | Entered an ice cave
 31967 | IceCv    | Killed from afar by an ice statue

Illustrated notes

Levels and vault maps discovered:
D:1:      minmay_arrival_diagonal_passages, layout_loops_ring, minmay_distorted
D:2:      minmay_roachtagon, layout_loops_corners, basic_altar, serial_shops,
          nicolae_shop_tiny_statue_garden
D:3:      layout_loops_ring, nicolae_overflow_hidden_temple,
          shapermc_ecumenical_altar_ellora, minmay_quadrilaterals
D:4:      layout_basic, mainiacjoe_overflow_paths,
          chequers_temple_overflow_statue_of_worship, gup_sewer_entry_bowl,
          chequers_arboretum
D:5:      layout_rooms, kennysheep_mini_moat, vehumet_altar_wand_db,
          hangedman_decor_lopped, dreamdust_gnoll_farm
D:6:      layout_loops_ring, serial_bayou_pond_a, uniq_grinder
D:7:      layout_cave_pods, minmay_temple_entry_stoned_glass, enter_bailey_4,
          minmay_gold_behind_fungi, minmay_misc_feat_chi, grunt_ministairs_11
D:8:      layout_basic, mainiacjoe_overflow_boulevard, nzn_ghost_randoct,
          st_stairs_5, uniq_maurice, uniq_maggie
D:9:      layout_loops_ring, nicolae_overflow_crystal_walls, david_lair_generic,
          serial_ice, serial_ice_c, serial_ice_a, serial_ice_g, serial_ice_m,
          grunt_decor_arrowhead, nicolae_take_the_stairs, solitary_fountain,
          uniq_pikel
D:10:     layout_roguey, grunt_nemelex_the_gamble, uniq_josephine, uniq_joseph
D:11:     layout_loops_corners, erik_orc_2, nicolae_trove_entry_free_sample,
          uniq_snorg, uniq_lodul, uniq_harold
D:12:     layout_cave_pods, portal_ice_cave_entry_animals_and_master,
          minmay_between, uniq_gastronok, uniq_nessos
Lair:1:   layout_loops_ring, gauntlet_entry_generic, serial_bayou_shore_a,
          serial_bayou_shore_b
Lair:2:   layout_chaotic_city, guppyfry_snake_entry_island,
          lemuel_altar_in_water2, chequers_serial_rivers_micro_d,
          beast_lair_carwin_1, lemuel_fruit_fields, uniq_amaemon
Lair:3:   layout_loops_ring, nicolae_swamp_entry_splash_gauntlet, special_room
          [special_room_mythical_zoo], infiniplex_staircase_pool_2,
          grunt_megastairs_5
Lair:4:   layout_loops_ring, nicolae_slime_entry_field_trip,
          grunt_forest_large_clearings, uniq_urug
Lair:5:   minmay_lair_end_frog_pond, layout_loops_ring, gammafunk_ghost_split,
          minivault_27, disabler_island
Swamp:1:  layout_basic_swamp, evilmike_swamp_ruin_house_5
Orc:1:    layout_diamond_mine, uniq_erica
Orc:2:    pf_orc_diabolical, layout_caves, serial_shops, shop, uniq_jorgrun
Elf:1:    layout_loops_corners, serial_shops, shop, minivault_28,
          minmay_shop_mayhem, minmay_shop_grove, uniq_agnes, uniq_roxanne,
          uniq_donald
IceCv:    ice_cave_small_giant

Skill      XL: |  1  2  3  4  5  6  7  8  9 10 11 12 13 14 15 16 |
---------------+-------------------------------------------------+-----
Spellcasting   | 5 6 7 8 9 10 11 12 | 12.1
Invocations    | 1 2 3 4 5 7 8 9 10 11 12 | 12.1
Short Blades   | 1 2 3 4 5 6 7 8 9 10 11 | 11.1
Long Blades    | 1 2 3 4 5 6 7 8 9 10 11 | 11.1
Axes           | 1 2 3 4 5 6 7 8 9 10 11 | 11.1
Polearms       | 1 2 3 4 5 6 7 8 9 10 11 | 11.1
Staves         | 1 2 3 4 5 6 7 8 9 10 11 | 11.1
Ranged Weapons | 1 2 3 4 5 6 7 8 9 10 11 | 11.1
Throwing       | 1 2 3 4 5 6 7 8 9 10 11 | 11.1
Armour         | 1 2 3 4 5 6 7 8 9 10 11 | 11.1
Stealth        | 1 2 3 4 5 6 7 8 9 10 11 | 11.1
Shields        | 1 2 3 4 5 6 7 8 9 10 11 | 11.1
Unarmed Combat | 1 2 3 4 5 6 7 8 9 10 11 | 11.1
Evocations     | 1 2 3 4 5 6 7 8 9 10 11 | 11.1
Hexes          | 1 2 3 4 5 6 7 8 9 |  9.3
Summonings     | 1 2 3 4 5 6 7 8 9 |  9.3
Necromancy     | 1 2 3 4 5 6 7 8 9 |  9.3
Translocations | 1 2 3 4 5 6 7 8 9 |  9.3
Transmutations | 1 2 3 4 5 6 7 8 9 |  9.3
Fire Magic     | 1 2 3 4 5 6 7 8 9 |  9.3
Ice Magic      | 1 2 3 4 5 6 7 8 9 |  9.3
Air Magic      | 1 2 3 4 5 6 7 8 9 |  9.3
Earth Magic    | 1 2 3 4 5 6 7 8 9 |  9.3
Poison Magic   | 1 2 3 4 5 6 7 8 9 |  9.3
Fighting       | 5 6 7 8 9 10 11 12 | 12.0
Dodging        | 5 6 7 8 9 10 11 12 | 12.0
Maces & Flails | 7 8 9 10 11 12 | 12.8
Conjurations   | 6 7 8 9 10 | 10.8

Action                     |  1- 3 |  4- 6 |  7- 9 | 10-12 | 13-15 | 16-18 || total
---------------------------+-------+-------+-------+-------+-------+-------++-------
  Melee: Mace              |   129 |   182 |    60 |       |       |       ||   371
         Bite              |    16 |    17 |    31 |    35 |   154 |    24 ||   277
         Punch             |     1 |     4 |    10 |       |       |       ||    15
         Spear             |       |       |   220 |    16 |       |       ||   236
         Flail             |       |       |    29 |       |       |       ||    29
         Quarterstaff      |       |       |       |   288 |  1112 |   141 ||  1541
  Throw: Javelin           |       |     4 |       |       |    19 |       ||    23
         Dart              |       |     1 |    28 |    60 |    73 |    13 ||   175
         Boomerang         |       |       |       |     8 |    13 |       ||    21
         Throwing net      |       |       |       |       |     3 |       ||     3
   Cast: Kiss of Death     |     1 |     4 |     1 |       |       |       ||     6
         Momentum Strike   |     1 |     7 |     9 |     4 |     1 |       ||    22
         Hailstorm         |       |     3 |    28 |    49 |    28 |       ||   108
         Vampiric Draining |       |       |       |    43 |    44 |    14 ||   101
         Summon Lightning  |       |       |       |       |    64 |     2 ||    66
         Confusing Touch   |       |       |       |       |     6 |       ||     6
         Vhi's Electric Ch |       |       |       |       |     6 |     1 ||     7
         Dispel Undead     |       |       |       |       |     1 |       ||     1
 Invoke: Potion Petition   |       |       |     2 |       |     2 |       ||     4
         Call Merchant     |       |       |       |     2 |     3 |       ||     5
  Evoke: Wand              |       |       |    16 |     9 |    46 |       ||    71
    Use: Potion            |       |     1 |     6 |     3 |     7 |       ||    17
         Scroll            |       |     8 |    13 |     8 |    10 |     1 ||    40
   Stab: Sleeping          |     2 |     3 |     5 |     7 |    12 |     1 ||    30
         Distracted        |       |       |       |       |    11 |     5 ||    16
         Held in net/web   |       |       |       |       |     3 |       ||     3
         Confused          |       |       |       |       |     2 |       ||     2
 Armour: Leather armour    |    37 |    92 |    98 |    81 |    69 |       ||   377
         Quicksilver drago |       |       |       |       |   415 |    59 ||   474
         Skin              |       |       |       |       |    23 |       ||    23
  Dodge: Dodged            |    92 |   186 |   204 |   178 |   694 |   102 ||  1456
         Repelled          |       |       |       |     2 |    19 |     3 ||    24
  Block: Other             |       |       |    18 |    69 |     3 |       ||    90
         Reflection        |       |       |       |       |     1 |       ||     1

Table legend: (Time is in decaauts)
 A = Elapsed time spent in this place.
 B = Non-inter-level travel time spent in this place.
 C = Inter-level travel time spent in this place.
 D = Time resting spent in this place.
 E = Time spent auto-exploring this place.
 F = Levels seen in this place.
 G = Mean time per level.
                   A        B        C        D        E       F      G
               +--------+--------+--------+--------+--------+-----+--------+
         Total |  31826 |  30734 |   1092 |   8686 |  15651 |  25 | 1273.0 |
       Dungeon |  15705 |  14864 |    841 |   2766 |   9257 |  12 | 1308.8 |
          Lair |  10265 |  10090 |    175 |   3162 |   4831 |   5 | 2053.0 |
         Swamp |      1 |      1 |      0 |      0 |      0 |   1 |    1.0 |
  Orcish Mines |   4145 |   4070 |     75 |   2397 |   1004 |   2 | 2072.5 |
   Elven Halls |     43 |     43 |      0 |      0 |      0 |   1 |   43.0 |
         Sewer |    120 |    120 |      0 |      5 |     20 |   1 |  120.0 |
        Bailey |    508 |    508 |      0 |      0 |    353 |   1 |  508.0 |
      Ice Cave |    249 |    249 |      0 |     24 |    148 |   1 |  249.0 |
      Gauntlet |    788 |    788 |      0 |    330 |     37 |   1 |  788.0 |
               +--------+--------+--------+--------+--------+-----+--------+

Top non-repeatable levels by time:
   Orc:2: 3622 daAuts
  Lair:3: 2840 daAuts
    D:11: 2487 daAuts
  Lair:5: 2307 daAuts
     D:4: 2068 daAuts
  Lair:2: 2041 daAuts
  Lair:1: 1755 daAuts
     D:5: 1622 daAuts
     D:9: 1525 daAuts
    D:10: 1412 daAuts
  Lair:4: 1320 daAuts
     D:6: 1296 daAuts
     D:7: 1294 daAuts
     D:2: 1127 daAuts
     D:8: 962 daAuts
